[Event "Early-Titled-Tuesday-Blitz-August-29-2023"]
[Site "Chess.com"]
[Date "2023.08.29"]
[Round "5"]
[White "crazy_m_attack"]
[Black "only_strong_moves"]
[Result "0-1"]
[WhiteElo "2333"]
[BlackElo "2529"]
[TimeControl "180+1"]
[EndTime "8:53:40 PDT"]
[Termination "only_strong_moves won on time"]

1. e4 e6 2. d4 d5 3. Nc3 Bb4 4. a3 Bxc3+ 5. bxc3 c5 6. Qg4 Ne7 7. Qxg7 Rg8 8. Qxh7 Qc7 9. Bd2 Nbc6 10. Nf3 Bd7 11. g3 O-O-O 12. exd5 exd5 13. Qd3 c4 14. Qe2 Ng6 15. h4 Rde8 16. Be3 Qa5 17. Qd2 Nge7 18. Be2 Nf5 19. Rg1 f6 20. Kf1 Re4 21. h5 Rge8 0-1

[Event "Early-Titled-Tuesday-Blitz-August-29-2023"]
[Site "Chess.com"]
[Date "2023.08.29"]
[Round "5"]
[White "aranibos"]
[Black "nassimzrikem"]
[Result "1-0"]
[WhiteElo "2274"]
[BlackElo "2081"]
[TimeControl "180+1"]
[EndTime "8:53:42 PDT"]
[Termination "aranibos won by resignation"]

1. d4 Nf6 2. Nf3 e6 3. Bg5 Be7 4. Nbd2 d5 5. e3 c5 6. c3 Nc6 7. Bd3 h6 8. Bh4 a6 9. O-O O-O 10. Bxf6 b5 11. Bxe7 Qxe7 12. dxc5 Qxc5 13. e4 d4 14. cxd4 Nxd4 15. Rc1 Qa7 16. Nxd4 Qxd4 17. Qc2 e5 18. Nf3 Qd6 19. Rfd1 Qf6 20. Qc3 Bg4 21.
Be2 Rac8 22. Qe3 Be6 23. b3 Qe7 24. Rxc8 Bxc8 25. h3 Re8 26. Rd5 f6 27. Rc5 Bb7 28. Rc1 Qa3 29. Rc2 Qb4 30. Qd2 Qxe4 31. Rc7 Ba8 32. Qd7 Qg6 33. Nh4 Qg5 34. Qxe8+ Kh7 35. Qg6+ Qxg6 36. Nxg6 Kxg6 37. Ra7 Be4 38. Rxa6 b4 39.
Rb6 Bb1 40. Rxb4 Bxa2 41. Bd3+ 1-0

[Event "Early-Titled-Tuesday-Blitz-August-29-2023"]
[Site "Chess.com"]
[Date "2023.08.29"]
[Round "5"]
[White "Diaschess88"]
[Black "dropstoneDP"]
[Result "0-1"]
[WhiteElo "2654"]
[BlackElo "2970"]
[TimeControl "180+1"]
[EndTime "8:53:44 PDT"]
[Termination "dropstoneDP won by resignation"]

1. e4 e5 2. Nf3 Nf6 3. d4 Nxe4 4. dxe5 Bc5 5. Qd5 Bxf2+ 6. Ke2 f5 7. Nc3 c6 8. Qd3 O-O 9. Nxe4 fxe4 10. Qxe4 d5 11.
Qa4 b5 12. Qb3 Bb6 13. Bg5 Qe8 14. Re1 Nd7 15. Kd1 Nc5 16. Qa3 Ne4 17. Bh4 Qh5 18. Kc1 Rxf3 19. gxf3 Qxh4 20. Bxb5 Qf4+ 21. Kb1 Nd2+ 22.
Ka1 cxb5 23. e6 Nc4 24. Qe7 Qf8 25. Qg5 Qb4 26. Rb1 Bxe6 27. c3 Qf8 28. Rbe1 Re8 29. h4 h6 30. Qg6 Qf7 31. Qd3 b4 32. cxb4 Qf6 33. Re2 Bf7 34. Rhe1 Rxe2 35. Rxe2 h5 36.
a4 g6 37. Ka2 Ne5 38. Qd1 d4+ 39. b3 Qxf3 40. Qd2 Qxb3+ 41. Ka1 Qxa4+ 42. Kb2 Nc4+ 0-1

[Event "Early-Titled-Tuesday-Blitz-August-29-2023"]
[Site "Chess.com"]
[Date "2023.08.29"]
[Round "5"]
[White "CrazyAdvenTures"]
[Black "Romkachess"]
[Result "1-0"]
[WhiteElo "2692"]
[BlackElo "2546"]
[TimeControl "180+1"]
[EndTime "8:53:44 PDT"]
[Termination "CrazyAdvenTures won by resignation"]

1. e4 c5 2. Nc3 d6 3. d4 cxd4 4. Qxd4 Nc6 5. Qd2 g6 6. b3 Bg7 7. Bb2 Nf6 8. O-O-O O-O 9. f3 Bd7 10. g4 Rc8 11. h4 h5 12. g5 Nh7 13. Kb1 Nd4 14. Qf2 b5 15. Rxd4 Bxd4 16. Qxd4 e5 17.
Qxd6 Be6 18. Qxd8 Rfxd8 19. Bd3 Nf8 20. Nxb5 a6 21. Nc3 Nd7 22. Bxa6 Ra8 23. Bb7 Rab8 24.
Bd5 Nc5 25. Nge2 1-0

[Event "Early-Titled-Tuesday-Blitz-August-29-2023"]
[Site "Chess.com"]
[Date "2023.08.29"]
[Round "5"]
[White "Ariadna_Atreides"]
[Black "VOneChess"]
[Result "0-1"]
[WhiteElo "2217"]
[BlackElo "2117"]
[TimeControl "180+1"]
[EndTime "8:53:47 PDT"]
[Termination "VOneChess won by resignation"]

1. d4 Nf6 2. Nf3 e6 3. e3 b6 4. Bd3 Bb7 5. Nbd2 c5 6. O-O Be7 7. b3 O-O 8. Bb2 Nc6 9. dxc5 Bxc5 10. c4 d5 11. Qe2 Rc8 12. Rac1 Qe7 13. Rfd1 Rfd8 14.
Ne5 Nxe5 15. Bxe5 Nd7 16. Qh5 g6 17. Qh6 Nxe5 18. Bb1 dxc4 19. Nxc4 Nxc4 20. bxc4 Qf6 21. h4 Bf8 22. Qg5 Qxg5 23. hxg5 Rxc4 24. f4 Kg7 25.
a3 Bxa3 26. Rxd8 Rxc1+ 27. Kf2 Rxb1 28. Rd7 Bd5 29. Rxa7 Rb2+ 30. Kf1 Bc5 31. Rc7 Rxg2 32. e4 Bxe4 33. Rc8 Bf3 34. Ke1 Be3 0-1

[Event "Early-Titled-Tuesday-Blitz-August-29-2023"]
[Site "Chess.com"]
[Date "2023.08.29"]
[Round "5"]
[White "C_K_G"]
[Black "Vaibhavraut99"]
[Result "0-1"]
[WhiteElo "2005"]
[BlackElo "2563"]
[TimeControl "180+1"]
[EndTime "8:53:48 PDT"]
[Termination "Vaibhavraut99 won on time"]

1. e4 c5 2. Nf3 Nc6 3. d4 cxd4 4.
Nxd4 Nf6 5. Nc3 d6 6. Be2 e5 7. Nb3 Be7 8. Be3 O-O 9. O-O Be6 10. f4 exf4 11. Rxf4 d5 12. Rxf6 Bxf6 13. exd5 Bxc3 14. dxc6 Bxb2 15. cxb7 Rb8 16. Rb1 Be5 17. Bf3 Qh4 18.
g3 Bxg3 19. hxg3 Qxg3+ 20. Kf1 Bh3+ 21. Ke2 Bg4 22. Qf1 Rxb7 23. Bxg4 Qxg4+ 24. Qf3 Qc4+ 25. Ke1 Re7 26. Rd1 Rfe8 27. Rd3 h5 28. Kd2 Qb4+ 29. Kd1 h4 30. Qf2 Qg4+ 31. Kd2 h3 32. Rd4 Qg2 33. Qxg2 hxg2 34. Rg4 Rxe3 0-1

[Event "Early-Titled-Tuesday-Blitz-August-29-2023"]
[Site "Chess.com"]
[Date "2023.08.29"]
[Round "5"]
[White "Onthequiet"]
[Black "Mr_November18"]
[Result "1-0"]
[WhiteElo "2375"]
[BlackElo "1895"]
[TimeControl "180+1"]
[EndTime "8:53:48 PDT"]
[Termination "Onthequiet won by resignation"]

1. d4 Nf6 2. Nf3 g6 3. Bg5 Bg7 4. Nbd2 d6 5. c3 O-O 6. e4 h6 7. Bh4 c5 8. dxc5 dxc5 9. Qc2 Nc6 10. Be2 Be6 11. O-O Qb6 12. Rfe1 Rfd8 13. h3 Nh5 14. Bc4 Na5 15. Bxe6 Qxe6 16. Nb3 Nxb3 17. Qxb3 c4 18.
Qxb7 g5 19. Bg3 Nxg3 20. fxg3 Rab8 21. Qxa7 Rxb2 22. Nd4 Qd6 23. Nf5 Qd2 24. Ne3 Bxc3 25. Qxe7 Qf2+ 26. Kh1 Rdd2 27. Rf1 Qxg3 28. Qe8+ Kh7 29.
Rxf7+ Bg7 30. Qe7 1-0

[Event "Early-Titled-Tuesday-Blitz-August-29-2023"]
[Site "Chess.com"]
[Date "2023.08.29"]
[Round "5"]
[White "Vladimir_Zakhartsov"]
[Black "Firouzja2003"]
[Result "0-1"]
[WhiteElo "2911"]
[BlackElo "3084"]
[TimeControl "180+1"]
[EndTime "8:53:51 PDT"]
[Termination "Firouzja2003 won by checkmate"]

1. d4 Nf6 2. c4 g6 3. Nf3 Bg7 4. g3 O-O 5. Bg2 d6 6. Nc3 c5 7. O-O Nc6 8. dxc5 dxc5 9. Qxd8 Rxd8 10. Be3 Be6 11. Bxc5 Bxc4 12. Rfd1 Nd7 13. Nd2 Bxe2 14.
Bxe7 Bxd1 15. Bxd8 Bxc3 16. bxc3 Rxd8 17. Rxd1 Nde5 18.
Kf1 Rd3 19. Ke2 Rxc3 20. Ne4 Ra3 21. Rd2 Nc4 22. Rd7 Rxa2+ 23. Ke1 N6e5 24. Rxb7 Nd3+ 25.
Kf1 Nxf2 26. Nf6+ Kg7 27. Ne8+ Kf8 28. Bc6 Ne3+ 29. Ke1 Nd3# 0-1

[Event "Early-Titled-Tuesday-Blitz-August-29-2023"]
[Site "Chess.com"]
[Date "2023.08.29"]
[Round "5"]
[White "AndresDelgado77"]
[Black "Maluco_do_Natal_00"]
[Result "1-0"]
[WhiteElo "2251"]
[BlackElo "1922"]
[TimeControl "180+1"]
[EndTime "8:53:52 PDT"]
[Termination "AndresDelgado77 won on time"]

1. e4 c5 2. Nf3 Nc6 3. b4 cxb4 4.
d4 d5 5. exd5 Qxd5 6. c4 Qe4+ 7.
Be2 Bf5 8. d5 Ne5 9. O-O Nxf3+ 10.
Bxf3 Qc2 11. Qd4 Rc8 12. Nd2 Nf6 13. Qxa7 e6 14. dxe6 Bxe6 15. Qxb7 Be7 16. Bc6+ Kf8 17. Ne4 Nxe4 18. Bxe4 Qxc4 19. Bb2 h5 20. Rac1 Qxe4 21.
Rxc8+ Bxc8 22. Qxe4 1-0

[Event "Early-Titled-Tuesday-Blitz-August-29-2023"]
[Site "Chess.com"]
[Date "2023.08.29"]
[Round "5"]
[White "Msb2"]
[Black "VerdeNotte"]
[Result "1-0"]
[WhiteElo "3031"]
[BlackElo "2905"]
[TimeControl "180+1"]
[EndTime "8:53:53 PDT"]
[Termination "Msb2 won by resignation"]

1. d4 d5 2. c4 e6 3. Nc3 a6 4. e4 dxe4 5. Nxe4 Bb4+ 6. Nc3 Nf6 7.
a3 Bxc3+ 8. bxc3 b6 9. Nf3 Bb7 10. Bd3 Be4 11. O-O Bxd3 12. Qxd3 Nbd7 13. Re1 O-O 14. Bf4 Nh5 15. Bg5 Qc8 16. Qe4 h6 17. Qh4 Nhf6 18. Bxh6 gxh6 19. Qxh6 Nh7 20. Re4 f5 21.
Ng5 Ndf6 22. Nxe6 Qd7 23. Nxf8 Rxf8 24. Re3 Rf7 25. Rae1 Rg7 26. h3 Qc6 27. d5 Qxc4 28.
Re7 Rxg2+ 29. Kxg2 Qxd5+ 30. f3 Qd2+ 31. Qxd2 1-0

[Event "Early-Titled-Tuesday-Blitz-August-29-2023"]
[Site "Chess.com"]
[Date "2023.08.29"]
[Round "5"]
[White "DanielNaroditsky"]
[Black "WhiteKnight2612"]
[Result "1-0"]
[WhiteElo "3154"]
[BlackElo "2829"]
[TimeControl "180+1"]
[EndTime "8:53:54 PDT"]
[Termination "DanielNaroditsky won by resignation"]

1. d4 Nf6 2. Nc3 d5 3. Bf4 c6 4. e3 e6 5. Bd3 Bd6 6. Nf3 b6 7. Ne5 Bb7 8. Qf3 Qc7 9. Qg3 Nh5 10. Qg4 g6 11. Ne2 Nd7 12. Nxd7 Qxd7 13. Bxd6 Qxd6 14. O-O f5 15. Qh4 O-O 16. Nf4 Nf6 17. Qg3 Rae8 18. c4 Qd7 19. Rac1 Kg7 20. cxd5 exd5 21. b4 a6 22. a4 b5 23. axb5 axb5 24. h4 Ra8 25. Ra1 Rxa1 26. Rxa1 Ra8 27. Rxa8 Bxa8 28. h5 Qf7 29.
hxg6 hxg6 30. Bxf5 Ne4 31. Bxe4 dxe4 32. Qg5 Bb7 33. Qe5+ Kh7 34. Ne6 Kg8 35. Qb8+ 1-0

[Event "Early-Titled-Tuesday-Blitz-August-29-2023"]
[Site "Chess.com"]
[Date "2023.08.29"]
[Round "5"]
[White "Arseniy_Nesterov"]
[Black "Macron20hTF1"]
[Result "1-0"]
[WhiteElo "2877"]
[BlackElo "2622"]
[TimeControl "180+1"]
[EndTime "8:53:54 PDT"]
[Termination "Arseniy_Nesterov won by resignation"]

1. d4 d5 2. c4 c6 3. Nf3 Nf6 4. e3 e6 5. b3 Ne4 6. Bd3 Bb4+ 7. Nbd2 Nd7 8. O-O f5 9. a3 Bd6 10. Bb2 Qf6 11. Qc2 O-O 12. a4 b6 13. Ba3 c5 14.
Rad1 Bb7 15. cxd5 Nxd2 16. Nxd2 Bxd5 17. e4 fxe4 18. Nxe4 Bxe4 19. Bxe4 Qh6 20. g3 Rad8 21. Bg2 Nf6 22. dxc5 Bxc5 23. Bxc5 bxc5 24. Rxd8 Rxd8 25. Qxc5 a6 26. Qb6 Rf8 27. Qxe6+ Kh8 28. Qxa6 Qh5 29. Qb5 g5 30. Qe5 Kg8 31. a5 1-0

[Event "Early-Titled-Tuesday-Blitz-August-29-2023"]
[Site "Chess.com"]
[Date "2023.08.29"]
[Round "5"]
[White "ExchangeAB"]
[Black "cthake"]
[Result "1-0"]
[WhiteElo "2466"]
[BlackElo "1862"]
[TimeControl "180+1"]
[EndTime "8:53:54 PDT"]
[Termination "ExchangeAB won by resignation"]

1. d4 Nf6 2. Nc3 c5 3. d5 d6 4. e4 e6 5. Bb5+ Bd7 6. dxe6 fxe6 7. e5 Bxb5 8. Nxb5 Nd5 9. Nxd6+ Bxd6 10. exd6 Qxd6 11.
Nf3 O-O 12. c4 Nc6 13. cxd5 exd5 14. O-O Rae8 15. Re1 Rxe1+ 16. Qxe1 Qg6 17. Kh1 d4 18. Bg5 Nb4 19. Qe5 Nd3 20. Qd5+ Kh8 21. Bh4 Nxb2 22.
Qxc5 Kg8 23. Qxd4 Nd3 24. Rd1 Nf4 25. Bg3 Ne2 26. Qc4+ 1-0

[Event "Early-Titled-Tuesday-Blitz-August-29-2023"]
[Site "Chess.com"]
[Date "2023.08.29"]
[Round "5"]
[White "ItsCheckM8Mate"]
[Black "ritanovikova"]
[Result "0-1"]
[WhiteElo "2314"]
[BlackElo "2155"]
[TimeControl "180+1"]
[EndTime "8:53:54 PDT"]
[Termination "ritanovikova won by resignation"]

1. d4 d5 2. Nc3 Nf6 3. Bf4 Bf5 4. e3 a6 5. Nf3 e6 6. Ne5 Nbd7 7. Bd3 Bxd3 8.
Qxd3 Bd6 9. e4 dxe4 10. Nxe4 Nxe5 11. Nxd6+ cxd6 12. dxe5 dxe5 13. Qxd8+ Rxd8 14. Bxe5 Rd5 15. f4 Ke7 16. c4 Rd7 17. c5 Ne4 18. b4 f6 19. Bb2 Rd2 20. Rb1 Rxg2 21. a4 Rd8 22.
Bc1 Nc3 23. Kf1 Ra2 24. Rb2 Rd1+ 25. Kg2 Rxb2+ 26. Bxb2 Rd2+ 27. Kf3 Rxb2 0-1

[Event "Early-Titled-Tuesday-Blitz-August-29-2023"]
[Site "Chess.com"]
[Date "2023.08.29"]
[Round "5"]
[White "LionTheLeon_06"]
[Black "KrokerGuy"]
[Result "1-0"]
[WhiteElo "2781"]
[BlackElo "2504"]
[TimeControl "180+1"]
[EndTime "8:53:55 PDT"]
[Termination "LionTheLeon_06 won by resignation"]

1. e4 e5 2. Nf3 Nc6 3. Bc4 Bc5 4. d3 Nf6 5. c3 d6 6. Bg5 h6 7. Bh4 g5 8. Bg3 a6 9. Nbd2 Bg4 10. b4 Ba7 11. a4 Nh5 12. b5 Na5 13. Ba2 Ng7 14. h3 Be6 15. h4 g4 16. Nh2 h5 17. O-O Bxa2 18. Rxa2 Ne6 19. Re1 Nf4 20. Ndf1 Ng6 21. d4 Qe7 22. Ne3 O-O-O 23. bxa6 bxa6 24. Qd3 Bb6 25. Qxa6+ Kd7 26. Nd5 Qe6 27. Qb5+ Kc8 28. Nxb6+ cxb6 29. Rb2 Rd7 30. Qxb6 Rb7 31. Qa6 Qd7 32. Reb1 1-0

[Event "Early-Titled-Tuesday-Blitz-August-29-2023"]
[Site "Chess.com"]
[Date "2023.08.29"]
[Round "5"]
[White "GP9isback23"]
[Black "Elsa167"]
[Result "0-1"]
[WhiteElo "2637"]
[BlackElo "2875"]
[TimeControl "180+1"]
[EndTime "8:54:00 PDT"]
[Termination "Elsa167 won on time"]

1. d4 Nf6 2. Nf3 e6 3. c4 c5 4. e3 d5 5. Nc3 dxc4 6. Bxc4 a6 7. a4 Nc6 8. O-O Be7 9. Qe2 O-O 10. Rd1 cxd4 11. exd4 Nb4 12. Ne5 Bd7 13. Bg5 Bc6 14.
Nxc6 bxc6 15. a5 Nfd5 16. Be3 Qc7 17. Ne4 Nxe3 18. fxe3 c5 19. Nxc5 Bxc5 20. dxc5 Qxc5 21. b3 Nd5 22. Bxa6 Nc3 23. Qc4 Qxe3+ 24. Kh1 Nxd1 25. Rxd1 Rfd8 26. Rf1 Qa7 0-1

[Event "Early-Titled-Tuesday-Blitz-August-29-2023"]
[Site "Chess.com"]
[Date "2023.08.29"]
[Round "5"]
[White "AdvanceGuard4"]
[Black "denizozen"]
[Result "1/2-1/2"]
[WhiteElo "2629"]
[BlackElo "2857"]
[TimeControl "180+1"]
[EndTime "8:54:00 PDT"]
[Termination "Game drawn by repetition"]

1. d4 d5 2. Bf4 Bf5 3. e3 e6 4.
c4 Bxb1 5. Qxb1 Bb4+ 6. Kd1 Nf6 7. Nf3 Bd6 8. Bg5 h6 9. Bh4 g5 10. Bg3 c5 11. cxd5 exd5 12. Bb5+ Nc6 13. dxc5 Bxg3 14. hxg3 Ne4 15. Ke2 Qf6 16. g4 h5 17. Bd3 O-O-O 18. Rxh5 Rxh5 19. gxh5 g4 20. Bxe4 dxe4 21. Nd2 Rxd2+ 22. Kxd2 Qxf2+ 23. Kd1 Qf1+ 24. Kd2 Qf2+ 25. Kd1 f5 26. Qc1 Nb4 27. Qc4 Nd3 28. Qe6+ Kc7 29. Qd6+ Kc8 30. Qf8+ Kc7 31. Qd6+ Kc8 32. Qf8+ Kc7 33.
Qd6+ 1/2-1/2

[Event "Early-Titled-Tuesday-Blitz-August-29-2023"]
[Site "Chess.com"]
[Date "2023.08.29"]
[Round "5"]
[White "AsaHoffmann"]
[Black "124chess"]
[Result "0-1"]
[WhiteElo "2362"]
[BlackElo "2677"]
[TimeControl "180+1"]
[EndTime "8:54:02 PDT"]
[Termination "124chess won by resignation"]

1. d4 g6 2. e4 Bg7 3. Be3 c6 4.
Qd2 d5 5. Nc3 dxe4 6. Nxe4 Nf6 7. Nxf6+ exf6 8. Bc4 O-O 9. Nf3 b5 10. Bb3 a5 11. a4 b4 12. O-O Nd7 13. Bh6 Nb6 14.
Bxg7 Kxg7 15. h3 Ra7 16. Rfe1 Re8 17. Qf4 Rae7 18. Rxe7 Rxe7 19. Re1 Rxe1+ 20. Nxe1 Nd5 21. Qf3 Be6 22. Nd3 Bf5 23. Nc5 Qe7 24. Bxd5 cxd5 25. c3 Qe1+ 26. Kh2 Qd2 27. cxb4 Qxd4 28. g4 Be4 29.
Qe3 Qxb4 30. Nxe4 dxe4 31. b3 Qd6+ 32. Kg2 Qe5 33. f3 exf3+ 34. Qxf3 Qc5 35. Qd3 h5 36. Kg3 Qe5+ 37. Kf3 h4 38. Qb5 Qg3+ 39. Ke4 Qxh3 40. Qxa5 Qg2+ 41. Kd4 h3 42. Qe1 h2 0-1

[Event "Early-Titled-Tuesday-Blitz-August-29-2023"]
[Site "Chess.com"]
[Date "2023.08.29"]
[Round "5"]
[White "RIPOL"]
[Black "SAInt_666"]
[Result "0-1"]
[WhiteElo "2444"]
[BlackElo "2667"]
[TimeControl "180+1"]
[EndTime "8:54:03 PDT"]
[Termination "SAInt_666 won by resignation"]

1. d4 Nf6 2. Bg5 c5 3. Bxf6 gxf6 4. d5 Qb6 5. Qc1 d6 6. c4 f5 7. Nc3 Bg7 8. Nf3 Nd7 9. e3 Ne5 10. Nd2 Bd7 11. h3 Rg8 12. Be2 Bf6 13. O-O f4 14.
Kh1 Ng6 15. Nde4 Be5 16. exf4 Nxf4 17. Bf3 O-O-O 18. Qe3 Rg6 19. Rab1 Rdg8 20. Ng3 h5 21. Nce2 Nxe2 22. Nxe2 Bf5 23. Be4 Bxe4 24. Qxe4 Qb4 25.
f4 Bf6 26. Rf2 Qd2 27. Rbf1 Bh4 28. Ng3 Qd4 29. Qxd4 cxd4 0-1

[Event "Early-Titled-Tuesday-Blitz-August-29-2023"]
[Site "Chess.com"]
[Date "2023.08.29"]
[Round "5"]
[White "yuki_chess123"]
[Black "chessajedrezz2020"]
[Result "0-1"]
[WhiteElo "2195"]
[BlackElo "2668"]
[TimeControl "180+1"]
[EndTime "8:54:03 PDT"]
[Termination "chessajedrezz2020 won by checkmate"]

1. e4 e5 2. Nf3 Nc6 3. Bb5 a6 4.
Bxc6 dxc6 5. Nc3 f6 6. d3 Bg4 7. h3 Bh5 8. g4 Bf7 9. Ne2 Qd7 10. Ng3 O-O-O 11. Rb1 Bxa2 12. Ra1 Be6 13. Qe2 Ne7 14. Be3 Ng6 15. d4 Nf4 16. Rxa6 Ng2+ 17. Kd2 Qd6 18. Ra8+ Kd7 19. Rxd8+ Kxd8 20. c3 exd4 21. cxd4 Qb4+ 22. Kc1 Qa4 23. d5 cxd5 24. Rd1 c6 25. Nd4 Bd7 26. exd5 cxd5 27. Qc2 Qa1+ 28. Kd2 Bb4+ 29. Ke2 Qa6+ 30. Kf3 Nh4+ 31. Kf4 g5# 0-1

[Event "Early-Titled-Tuesday-Blitz-August-29-2023"]
[Site "Chess.com"]
[Date "2023.08.29"]
[Round "5"]
[White "gueraumasague"]
[Black "jcreyes69"]
[Result "1-0"]
[WhiteElo "2553"]
[BlackElo "2389"]
[TimeControl "180+1"]
[EndTime "8:54:06 PDT"]
[Termination "gueraumasague won by checkmate"]

1. Nf3 d5 2. d4 Nf6 3. e3 e6 4.
c4 a6 5. b3 b6 6. Bb2 Bb7 7.
cxd5 exd5 8. g3 Nbd7 9. Bg2 Bd6 10. Nc3 O-O 11. O-O Re8 12. Rc1 h6 13. Ne2 Ne4 14.
Rc2 Qe7 15. Nf4 Rac8 16. Qa1 Ndf6 17. Rfc1 Ng4 18. Nd3 Qf6 19. h3 Nxe3 20. fxe3 Bxg3 21. Rf1 Qg6 22. Nfe5 Bxe5 23. Nxe5 Qg5 24. Qe1 Ng3 25. Rf4 f6 26. Rg4 Qf5 27. Qxg3 Qxc2 28. Rxg7+ Kh8 29. Nf7# 1-0

[Event "Early-Titled-Tuesday-Blitz-August-29-2023"]
[Site "Chess.com"]
[Date "2023.08.29"]
[Round "5"]
[White "jimmy-schlumpf"]
[Black "BillCoe"]
[Result "1-0"]
[WhiteElo "2398"]
[BlackElo "2124"]
[TimeControl "180+1"]
[EndTime "8:54:06 PDT"]
[Termination "jimmy-schlumpf won by resignation"]

1. Nf3 c5 2. g3 g6 3. c4 Bg7 4. Nc3 d6 5. Bg2 Nf6 6. O-O O-O 7. d4 cxd4 8. Nxd4 a6 9. h3 Qc7 10. b3 Bd7 11. Be3 Nc6 12. Rc1 Nxd4 13. Bxd4 Rac8 14.
Bxf6 Bxf6 15. Nd5 Qb8 16. Nxf6+ exf6 17. Qd4 Rfe8 18. e3 Re6 19. Rfd1 Bc6 20. Rd2 Bxg2 21. Kxg2 Qc7 22. Rdc2 Qc6+ 23. Qd5 Qxd5+ 24. cxd5 Rxc2 25. Rxc2 Re7 26. g4 h6 27. Kf3 Kg7 28. Rc8 Kh7 29. Rd8 Rc7 30. Rxd6 Rc2 31. a4 Rc3 32. Rb6 Rc7 33.
Rxf6 Kg7 34. Rb6 Rd7 35. e4 Rc7 36. Kf4 f6 37. Ke3 Re7 38. Kd4 Rc7 39. f4 Re7 40. e5 1-0

[Event "Early-Titled-Tuesday-Blitz-August-29-2023"]
[Site "Chess.com"]
[Date "2023.08.29"]
[Round "5"]
[White "MatyChess1"]
[Black "Herman-NY"]
[Result "1-0"]
[WhiteElo "2679"]
[BlackElo "2457"]
[TimeControl "180+1"]
[EndTime "8:54:09 PDT"]
[Termination "MatyChess1 won on time"]

1. d4 Nf6 2. Bf4 g6 3. e3 Bg7 4. Nf3 O-O 5. Be2 d6 6. h3 Nfd7 7. Bh2 Kh8 8. O-O e5 9. a4 a5 10. Nc3 f5 11. Nb5 g5 12. c3 Nc6 13. Nd2 f4 14.
Bd3 Nf6 15. Ne4 Nxe4 16. Bxe4 d5 17. Bc2 e4 18. c4 Nb4 19. cxd5 Bf5 20. Nc3 f3 21.
Bxe4 Bxe4 22. Nxe4 Qxd5 23. gxf3 Rae8 24. Rc1 Qd7 25.
Kg2 c6 26. Nxg5 Rg8 27. Bg3 Bf6 28. Ne4 Bh4 29. Rc5 Nd5 30. Qb3 Rxe4 31. fxe4 Bxg3 32.
fxg3 Qg7 33. Rf3 Nf6 34. Re5 Qg6 35. Qe6 1-0

[Event "Early-Titled-Tuesday-Blitz-August-29-2023"]
[Site "Chess.com"]
[Date "2023.08.29"]
[Round "5"]
[White "Vuk2000"]
[Black "GiorgianBarbosa"]
[Result "1-0"]
[WhiteElo "2746"]
[BlackElo "2458"]
[TimeControl "180+1"]
[EndTime "8:54:11 PDT"]
[Termination "Vuk2000 won on time"]

1. d4 Nf6 2. Bg5 g6 3. Bxf6 exf6 4. c4 Bg7 5. Nc3 O-O 6. e3 d6 7. g3 h5 8. h4 c6 9. Bg2 Bg4 10. Nge2 Re8 11. O-O Bxe2 12. Nxe2 Nd7 13. b4 f5 14. b5 Qc7 15. bxc6 bxc6 16. Qa4 Rac8 17. Rab1 Nf6 18. Qa6 Ng4 19. Rb7 Qd8 20. Bxc6 Re7 21. Rxe7 Rxc6 22.
Qxa7 Qf8 23. Qd7 Rc8 24. Rxf7 Qxf7 25. Qxc8+ Kh7 26. Nf4 Qa7 27. Qe8 Qxa2 28. Qxg6+ Kg8 29. Qe8+ Kh7 30. Qxh5+ Nh6 31. Qg6+ 1-0

[Event "Early-Titled-Tuesday-Blitz-August-29-2023"]
[Site "Chess.com"]
[Date "2023.08.29"]
[Round "5"]
[White "stratacticos"]
[Black "HElissalt"]
[Result "0-1"]
[WhiteElo "1826"]
[BlackElo "2367"]
[TimeControl "180+1"]
[EndTime "8:54:11 PDT"]
[Termination "HElissalt won on time"]

1. e4 d6 2. d4 Nf6 3. Nc3 e5 4. Nf3 Nbd7 5. Bg5 Be7 6. dxe5 dxe5 7. Qd2 c6 8. O-O-O Qc7 9. Bc4 b5 10. Bxb5 cxb5 11. Nxb5 Qb6 12. Qe2 Rb8 13. a4 a6 14.
Be3 Qc6 15. Na7 Qxa4 16. Kb1 O-O 17. Nd2 Bc5 18. b3 Bxa7 19. Bxa7 Rb7 20. f3 Qc6 21. Qe3 Re8 22. Nc4 Qxc4 0-1

[Event "Early-Titled-Tuesday-Blitz-August-29-2023"]
[Site "Chess.com"]
[Date "2023.08.29"]
[Round "5"]
[White "Chessbard1972"]
[Black "Inepton_Fermion"]
[Result "1-0"]
[WhiteElo "2550"]
[BlackElo "2378"]
[TimeControl "180+1"]
[EndTime "8:54:17 PDT"]
[Termination "Chessbard1972 won by resignation"]

1. d4 Nf6 2. c4 e6 3. Nf3 b6 4. a3 Bb7 5. Nc3 Ne4 6. Nxe4 Bxe4 7. Nd2 Bb7 8. e4 Qf6 9. d5 g6 10. Bd3 Bg7 11. O-O O-O 12. Nf3 h6 13. Rb1 d6 14.
b4 Nd7 15. Bb2 Qe7 16. Bxg7 Kxg7 17. dxe6 fxe6 18. Re1 e5 19. h3 a5 20. Nh2 axb4 21. axb4 Ra2 22. Re2 Ra3 23. Rb3 Ra7 24. Bc2 Qh4 25.
Rg3 Nf6 26. c5 bxc5 27. bxc5 Rfa8 28. Re1 Bxe4 29. cxd6 Ra1 30. Qxa1 Rxa1 31. Rxa1 Bxc2 32. dxc7 Bf5 33. Ra8 Qc4 34. Ra7 Ne4 35. c8=Q+ Kf6 36. Qxc4 1-0

[Event "Early-Titled-Tuesday-Blitz-August-29-2023"]
[Site "Chess.com"]
[Date "2023.08.29"]
[Round "5"]
[White "vovachesss"]
[Black "DanilNajdin"]
[Result "1-0"]
[WhiteElo "2803"]
[BlackElo "2568"]
[TimeControl "180+1"]
[EndTime "8:54:18 PDT"]
[Termination "vovachesss won by resignation"]

1. e4 g6 2. d4 c6 3. Nf3 d5 4. e5 f6 5. Bd3 Bg7 6. O-O Bg4 7.
Re1 fxe5 8. dxe5 e6 9. Nbd2 Ne7 10. h3 Bf5 11. Bf1 O-O 12. g4 Be4 13. Ng5 Qb6 14.
Ndxe4 dxe4 15. Be3 Qa5 16. Nxe6 Re8 17. Nxg7 Kxg7 18.
Bd4 Nd7 19. Bc3 Qc5 20. Qxd7 Rad8 21. Qxb7 Rf8 22. Re2 Rb8 23. Qc7 Rxf2 24. Rxf2 Rf8 25.
Bd4 1-0

[Event "Early-Titled-Tuesday-Blitz-August-29-2023"]
[Site "Chess.com"]
[Date "2023.08.29"]
[Round "5"]
[White "Irina_Barchuk"]
[Black "JoshuaGK27"]
[Result "1-0"]
[WhiteElo "2288"]
[BlackElo "2409"]
[TimeControl "180+1"]
[EndTime "8:54:18 PDT"]
[Termination "Irina_Barchuk won on time"]

1. d4 Nf6 2. Bf4 d5 3. e3 c5 4. Nf3 Nc6 5. Nbd2 e6 6. c3 cxd4 7. exd4 Nh5 8. Bg3 Nxg3 9. hxg3 g6 10. Bd3 Bg7 11. Qc2 Bd7 12. O-O-O Qa5 13. Kb1 Rc8 14.
Nb3 Qa4 15. Qe2 Ne7 16. g4 b6 17. Ng5 h6 18. Nf3 O-O 19. Ne5 Rfd8 20. Rh3 Be8 21. Rdh1 a5 22. Qd2 f6 23. Nf3 Qd7 24. g5 fxg5 25. Ne5 Qc7 26. f4 1-0

[Event "Early-Titled-Tuesday-Blitz-August-29-2023"]
[Site "Chess.com"]
[Date "2023.08.29"]
[Round "5"]
[White "Herzog2012"]
[Black "KejJaj"]
[Result "1-0"]
[WhiteElo "2420"]
[BlackElo "2164"]
[TimeControl "180+1"]
[EndTime "8:54:18 PDT"]
[Termination "Herzog2012 won by checkmate"]

1. e4 c5 2. Nf3 d6 3. d4 cxd4 4. Nxd4 Nf6 5. Nc3 g6 6. Be3 Bg7 7. f3 O-O 8. Qd2 Nc6 9. O-O-O d5 10. Nxc6 bxc6 11. Bh6 Bxh6 12. Qxh6 Qb6 13. h4 Rb8 14. b3 Qb4 15. Kb2 d4 16. Nb1 e5 17.
h5 a5 18. hxg6 fxg6 19. Kc1 a4 20. Bc4+ Rf7 21. g4 axb3 22. axb3 Rb7 23. g5 Nh5 24. Rdg1 Ra7 25. Rxh5 Ra1 26. Qxh7+ Kf8 27. Qxf7# 1-0

[Event "Early-Titled-Tuesday-Blitz-August-29-2023"]
[Site "Chess.com"]
[Date "2023.08.29"]
[Round "5"]
[White "WildTricks"]
[Black "Beca95"]
[Result "0-1"]
[WhiteElo "2650"]
[BlackElo "2958"]
[TimeControl "180+1"]
[EndTime "8:54:20 PDT"]
[Termination "Beca95 won on time"]

1. e4 c5 2. Nf3 a6 3. c3 e6 4. d4 d5 5. e5 Bd7 6. Be3 cxd4 7. Nxd4 Nc6 8. f4 Nge7 9. Bd3 Nxd4 10. cxd4 Bb5 11. Bc2 a5 12. Nc3 Ba6 13. a4 Nc6 14. Nb5 Bb4+ 15. Kf2 Bxb5 16. axb5 Ne7 17. g4 h5 18. h3 g6 19. Qe2 Qb6 20. Bd3 Kd7 21. f5 gxf5 22. gxf5 Nxf5 23. Bxf5 exf5 24. Qd3 Qe6 25.
Rhg1 Rhg8 26. Bf4 Rac8 27. Rxg8 Rxg8 28. Rg1 Rg6 29. Qf3 Kc7 30. Rc1+ Kb6 31. Qxh5 Kxb5 32. Qh8 Qd7 33. Qa8 Rc6 34. Qg8 Rc4 35. b3 Rxd4 36.
Be3 Rd3 37. Qa8 d4 38. Bf4 Rc3 39. Rd1 Qc6 40. Kg1 Rc2 0-1